 Dungeon Crawl Stone Soup version 0.20-a0-731-gecde0bf (webtiles) character file.

440 KristoblXynda the Conjurer (level 6, -9/28 HPs)
             Began as a Deep Elf Conjurer on Feb 22, 2017.
             Killed from afar by an orc wizard (10 damage)
             ... with a magic dart
             ... on level 4 of the Dungeon.
             The game lasted 00:13:20 (4701 turns).

KristoblXynda the Conjurer (Deep Elf Conjurer)      Turns: 4701, Time: 00:13:21

Health: -9/28      AC:  6    Str:  5    XL:     6   Next: 70%
Magic:  7/15       EV: 13    Int: 22    God:
Gold:   134        SH:  0    Dex: 15    Spells: 5/17 levels left

rFire    . . .     SeeInvis .   j - +2 dagger
rCold    . . .     Gourm    .   a - +0 robe
rNeg     . . .     Faith    .   (no shield)
rPois    .         Spirit   .   (no helmet)
rElec    .         Reflect  .   (no cloak)
rCorr    .         Harm     .   g - +1 pair of gloves
MR       .....                  (no boots)
Stlth    +++.......             (no amulet)
Regen    0.0/turn               (no ring)
MPRegen  0.2/turn               (no ring)

@: no status effects
A: icy blue scales 1, frail 1, low mp 1, inhibited regeneration
a: no special abilities


You were on level 4 of the Dungeon.
You were not hungry.

You visited 1 branch of the dungeon, and saw 4 of its levels.
You also visited: Sewer.

You collected 134 gold pieces.

Inventory:

Hand Weapons
 j - a +2 dagger (weapon)
Armour
 a - a +0 robe (worn)
 g - a +1 pair of gloves (worn)
Scrolls
 d - a scroll of enchant weapon
 i - 2 scrolls of blinking
 m - 2 scrolls of remove curse
Potions
 c - 5 potions of curing {unknown}
 e - a potion of invisibility
 f - 3 potions of heal wounds
 h - 3 potions of agility {unknown}
 p - 4 potions of brilliance
Books
 b - a book of Conjurations

   Spells                             Type                      Level
   a - Magic Dart                     Conjuration                  1
   b - Searing Ray                    Conjuration                  2
   c - Dazzling Spray                 Conjuration/Hexes            3
   d - Fulminant Prism                Conjuration/Hexes            4
   e - Force Lance                    Conjuration/Translocation    4
   f - Iskenderun's Mystic Blast      Conjuration                  4
Comestibles
 k - a royal jelly
 l - a bread ration


   Skills:
 - Level 2.4 Dodging
 - Level 5.0 Stealth
 + Level 6.1 Spellcasting
 + Level 6.3 Conjurations
 + Level 2.2 Hexes


You had 5 spell levels left.
You knew the following spells:

 Your Spells              Type           Power        Failure   Level  Hunger
a - Magic Dart            Conj           ####         1%          1    None
b - Dazzling Spray        Conj/Hex       ####..       6%          3    #......
c - Iskenderun's Mystic   Conj           ####....     10%         4    ###....
d - Force Lance           Conj/Tloc      ###.....     28%         4    ###....


Dungeon Overview and Level Annotations

Branches:
Dungeon (4/15)
 Temple: D:4-7

Altars:
Dithmenos
Fedhas
Gozag


Innate Abilities, Weirdness & Mutations

You are partially covered in icy blue scales. (AC +2)
You are frail. (-10% HP)
Your magical capacity is low. (-10% MP)
You do not regenerate when monsters are visible.


Message History

The magic dart hits the orc wizard.
The orc wizard is almost dead.
The orc wizard mumbles some strange words.
The orc wizard seems to speed up.
The orc wizard looks encouraged for a moment.
An orc comes into view. It is wielding a short sword.
The orc wizard gestures wildly while chanting.
The orc wizard flickers and vanishes!
Deactivating autopickup; reactivate with Ctrl-A.
The orc wizard looks satisfied for a moment.
A puff of flame appears from out of thin air!
The puff of flame hits you!
The orc priest invokes the aid of Beogh against you.
Beogh smites you!
A magic dart appears from out of thin air!
The magic dart hits you!
* * * LOW HITPOINT WARNING * * *
A magic dart appears from out of thin air!
The magic dart hits you!
You die...

#.###...... #.#
####.##
###.###......
#........###.
######.#.##.###
## #.>.........#
## #.#####.###.#
....###.#
#.###.# #....@#
#.....# #####.#
#.#####
#.#####.#
#######J......#
#........#.#..##
#.#####........#
#o.#.###.#
......o=...# .#
..(........# ..


You could see an orc priest, an orc wizard and an ooze.

Vanquished Creatures
  A big kobold (Sewer)
  A centaur skeleton (D:4)
  Ijyb (D:2)
  Terence (D:2)
  15 adders
  3 river rats (Sewer)
  2 oozes
  5 worms
  A dart slug (D:1)
  3 orcs (D:3)
  3 giant cockroaches
  10 goblins
  8 hobgoblins
  4 jackals (D:2)
  6 ball pythons
  8 bats
  7 frilled lizards
  19 kobolds
  32 rats
130 creatures vanquished.

Vanquished Creatures (others)
  4 toadstools (D:1)
4 creatures vanquished.

Grand Total: 134 creatures vanquished

Notes
Turn   | Place    | Note
-------+----------+-------------------------------------------
     0 | D:1      | KristoblXynda the Deep Elf Conjurer began the quest for the Orb.
     0 | D:1      | Reached XP level 1. HP: 10/10 MP: 6/6
   365 | D:1      | Reached XP level 2. HP: 15/15 MP: 4/8
   407 | D:1      | You fall through a shaft!
   682 | D:2      | Found a faded altar of an unknown god.
   983 | D:1      | Reached XP level 3. HP: 19/19 MP: 6/10
  1102 | D:1      | Learned a level 3 spell: Dazzling Spray
  1681 | D:2      | Found a blossoming altar of Fedhas.
  1684 | D:2      | Found a shadowy altar of Dithmenos.
  1705 | D:2      | Gained mutation: You are frail. (-10% HP) [potion of mutation]
  1705 | D:2      | Gained mutation: You do not regenerate when monsters are visible. [potion of mutation]
  1705 | D:2      | Gained mutation: Your magical capacity is low. (-10% MP) [potion of mutation]
  1705 | D:2      | Gained mutation: You are partially covered in icy blue scales. (AC +2) [potion of mutation]
  1797 | D:2      | Reached skill level 5 in Conjurations
  1996 | D:2      | Reached XP level 4. HP: 21/21 MP: 9/11
  2002 | D:2      | Learned a level 4 spell: Iskenderun's Mystic Blast
  2040 | D:2      | Found a blossoming altar of Fedhas.
  2157 | D:2      | Noticed Terence
  2219 | D:2      | Killed Terence
  2471 | D:2      | Noticed Ijyb
  2483 | D:2      | Killed Ijyb
  2728 | D:3      | Reached XP level 5. HP: 25/25 MP: 11/13
  2737 | D:3      | Reached skill level 5 in Spellcasting
  2752 | D:3      | Found an opulent altar of Gozag.
  2868 | D:3      | Found a glowing drain.
  2914 | D:3      | HP: 1/37 [giant cockroach (2)]
  2976 | Sewer    | Entered a sewer
  3656 | Sewer    | Reached skill level 5 in Stealth
  3878 | Sewer    | Reached XP level 6. HP: 28/28 MP: 10/14
  3932 | Sewer    | Learned a level 4 spell: Force Lance
  3944 | Sewer    | Reached skill level 1 in Hexes
  4122 | Sewer    | HP: 1/28 [kobold (4)]
  4701 | D:4      | HP: 1/28 [something/magic dart (10)]
  4701 | D:4      | Killed from afar by an orc wizard

Vault maps used:
D:1:      ldierk_water_garden
D:2:      grunt_temple_overflow_open, chequers_ecumenical_altar_simple_redux,
          fedhas_altar_2, uniq_terence, uniq_iyjb
D:3:      nicolae_overflow_hidden_temple, gup_sewer_entry_glass
D:4:      minmay_door_path
Sewer:    sewer_minmay_treatment

Skill      XL: |  1  2  3  4  5  6 |
---------------+-------------------+-----
Stealth        | 3 4 5 |  5.0
Spellcasting   | 4 5 6 |  6.1
Conjurations   | 5 6 |  6.3
Hexes          | 2 |  2.2
Dodging        | |  2.4

Action                   |  1- 3 |  4- 6 || total
-------------------------+-------+-------++-------
Melee: Unarmed           |     5 |       ||     5
       Dagger            |    14 |    73 ||    87
 Cast: Magic Dart        |    81 |   178 ||   259
       Dazzling Spray    |       |     3 ||     3
Evoke: Wand              |       |     1 ||     1
  Use: Scroll            |     3 |    12 ||    15
       Potion            |     1 |     7 ||     8
 Stab: Sleeping          |       |     4 ||     4
       Distracted        |       |     1 ||     1
       Invisible         |       |     1 ||     1
  Eat: Chunk             |     3 |     2 ||     5
       Royal jelly       |       |     1 ||     1
       Bread ration      |       |     1 ||     1
Armor: Robe              |     5 |    32 ||    37
       Skin              |       |    33 ||    33
Dodge: Dodged            |    19 |    85 ||   104
